 Dungeon Crawl Stone Soup version 0.26.0-8-g74fc34ddfb (webtiles) character file.

Game seed: 8574649995638435868

95 peeb the Insei (level 4, -3/34 HPs)
             Began as a Gnoll Transmuter on Jan 12, 2021.
             Slain by a gnoll
             ... wielding a +0 spear
              (11 damage)
             ... on level 2 of the Dungeon.
             The game lasted 00:02:32 (1247 turns).

peeb the Insei (Gnoll Transmuter)                   Turns: 1247, Time: 00:02:33

Health: -3/34      AC:  2    Str: 12    XL:     4   Next: 65%
Magic:  11/11      EV: 15    Int: 16    God:
Gold:   69         SH:  0    Dex: 16    Spells: 10/13 levels left

rFire    . . .     SeeInvis .     - Unarmed
rCold    . . .     Faith    .   (no shield)
rNeg     . . .     Spirit   .   a - +0 robe
rPois    .         Reflect  .   (helmet currently unavailable)
rElec    .         Harm     .   (no cloak)
rCorr    .         Rampage  .   (no gloves)
Will     .....                  (boots currently unavailable)
Stlth    ++........             (no amulet)
HPRegen  0.11/turn              (no ring)
MPRegen  0.12/turn              (no ring)

@: appendages (expiring)
A: distributed training, fangs 1, horns 2, talons 2, strong nose
a: End Transformation


You were on level 2 of the Dungeon.
You had grown temporary horns.
You had grown temporary talons.
You visited 1 branch of the dungeon, and saw 2 of its levels.

You collected 69 gold pieces.

Inventory:

Armour
 a - a +0 robe (worn)
Scrolls
 c - a scroll of identify {unknown}
 e - a scroll of remove curse {unknown}
 f - a scroll of teleportation {unknown}
Potions
 b - a potion of degeneration {unknown}
 d - a potion of flight {unknown}
 g - a potion of curing {unknown}


   Skills:
 + Level 2.8 Fighting
 + Level 1.2 Short Blades
 + Level 1.2 Long Blades
 + Level 1.2 Axes
 + Level 1.2 Maces & Flails
 + Level 1.2 Polearms
 + Level 1.2 Staves
 + Level 1.2 Slings
 + Level 1.2 Bows
 + Level 1.2 Crossbows
 + Level 1.2 Throwing
 + Level 1.2 Armour
 + Level 4.6 Dodging
 + Level 1.2 Stealth
 + Level 1.2 Shields
 + Level 6.6 Unarmed Combat
 + Level 5.1 Spellcasting
 + Level 1.0 Conjurations
 + Level 1.0 Hexes
 + Level 1.0 Summonings
 + Level 1.0 Necromancy
 + Level 1.0 Translocations
 + Level 3.8 Transmutations
 + Level 1.0 Fire Magic
 + Level 1.0 Ice Magic
 + Level 1.0 Air Magic
 + Level 1.0 Earth Magic
 + Level 1.0 Poison Magic
 + Level 1.3 Invocations
 + Level 1.2 Evocations


You had 10 spell levels left.
You knew the following spells:

 Your Spells              Type           Power        Failure   Level
a - Beastly Appendage     Tmut           32%          3%          1
b - Wereblood             Tmut           16%          4%          2

Your spell library contained the following spells:

 Spells                   Type           Power        Failure   Level
 Spider Form              Tmut/Pois      5%           17%         3
 Ice Form                 Ice/Tmut       11%          50%         4
 Blade Hands              Tmut           8%           65%         5


Dungeon Overview and Level Annotations

Branches:
Dungeon (2/15)

Altars:


Innate Abilities, Weirdness & Mutations

Your experience applies equally to all skills.
You have very sharp teeth.
Your uncanny sense of smell can sniff out nearby items.
You have a pair of horns on your head.
You have razor-sharp toenails.


Message History

A goblin comes into view.
The gnoll barely misses you.
The goblin moves out of view.
Things that are here:
a +0 spear; a gnoll corpse A hobgoblin comes into view.
It is wielding a +0 club.
The gnoll closely misses you.
The hobgoblin moves out of view.
Found a stone staircase leading down.
You punch the gnoll! Your headbutt misses the gnoll.
The gnoll is severely wounded.
Your transformation is almost over.
The goblin hits you.
* * * LOW HITPOINT WARNING * * *
A kobold comes into view.
It is wielding a +2 vampiric short sword.
The hobgoblin shouts!
The kobold shouts!
You hit the gnoll but do no damage. Your kick misses the gnoll.
You bite the gnoll, but do no damage.
The gnoll is severely wounded.
The gnoll barely misses you. The goblin barely misses you.
The gnoll hits you from afar with a +0 spear!
You die...

.....#)####
#.........#
##.........# #
........(..# ...
..........†######....
.#...................
.#......!.)....#...
............##?......
#......@)......##....
#.....#.#####........
#...#..gg# ...!. .
... ##.....∆ .... .
.....#.. .....
.#.#... ........ #...
#..> .. # Kg ..## #
#.. ..#


You could see a gnoll, a hobgoblin, a goblin and a kobold.

Vanquished Creatures
  2 adders (D:2)
  3 gnolls
  2 oozes (D:1)
  A worm (D:2)
  A dart slug (D:1)
  A giant cockroach (D:2)
  3 goblins (D:1)
  5 hobgoblins (D:1)
  A ball python (D:1)
  6 bats (D:1)
  3 frilled lizards
  3 kobolds (D:2)
  8 rats
39 creatures vanquished.

Notes
Turn   | Place    | Note
-------+----------+-------------------------------------------
     0 | D:1      | peeb the Gnoll Transmuter began the quest for the Orb.
     0 | D:1      | Reached XP level 1. HP: 17/17 MP: 6/6
   372 | D:1      | Reached XP level 2. HP: 23/23 MP: 7/7
   689 | D:1      | Reached skill level 5 in Spellcasting
   689 | D:1      | Reached XP level 3. HP: 17/28 MP: 6/9
   695 | D:1      | Learned a level 2 spell: Wereblood
   851 | D:1      | Reached skill level 1 in Invocations
   983 | D:2      | Reached skill level 1 in Short Blades
   983 | D:2      | Reached skill level 1 in Long Blades
   983 | D:2      | Reached skill level 1 in Axes
   983 | D:2      | Reached skill level 1 in Maces & Flails
   983 | D:2      | Reached skill level 1 in Polearms
   983 | D:2      | Reached skill level 1 in Staves
   983 | D:2      | Reached skill level 1 in Slings
   983 | D:2      | Reached skill level 1 in Bows
   983 | D:2      | Reached skill level 1 in Crossbows
   983 | D:2      | Reached skill level 1 in Throwing
   983 | D:2      | Reached skill level 1 in Armour
   983 | D:2      | Reached skill level 1 in Stealth
   983 | D:2      | Reached skill level 1 in Shields
   983 | D:2      | Reached skill level 1 in Evocations
  1021 | D:2      | Reached XP level 4. HP: 19/34 MP: 9/11
  1243 | D:2      | Reached skill level 1 in Conjurations
  1243 | D:2      | Reached skill level 1 in Hexes
  1243 | D:2      | Reached skill level 1 in Summonings
  1243 | D:2      | Reached skill level 1 in Necromancy
  1243 | D:2      | Reached skill level 1 in Translocations
  1243 | D:2      | Reached skill level 1 in Fire Magic
  1243 | D:2      | Reached skill level 1 in Ice Magic
  1243 | D:2      | Reached skill level 1 in Air Magic
  1243 | D:2      | Reached skill level 1 in Earth Magic
  1243 | D:2      | Reached skill level 1 in Poison Magic
  1247 | D:2      | Slain by a gnoll

Illustrated notes

Levels and vault maps discovered:
D:1:      mrwooster_arrival_statue, layout_basic
D:2:      layout_rooms, uniq_terence

Skill      XL: |  1  2  3  4 |
---------------+-------------+-----
Spellcasting   | 5 |  5.1
Invocations    | 1 |  1.3
Short Blades   | 1 |  1.2
Long Blades    | 1 |  1.2
Axes           | 1 |  1.2
Maces & Flails | 1 |  1.2
Polearms       | 1 |  1.2
Staves         | 1 |  1.2
Slings         | 1 |  1.2
Bows           | 1 |  1.2
Crossbows      | 1 |  1.2
Throwing       | 1 |  1.2
Armour         | 1 |  1.2
Stealth        | 1 |  1.2
Shields        | 1 |  1.2
Evocations     | 1 |  1.2
Conjurations   | 1 |  1.0
Hexes          | 1 |  1.0
Summonings     | 1 |  1.0
Necromancy     | 1 |  1.0
Translocations | 1 |  1.0
Fire Magic     | 1 |  1.0
Ice Magic      | 1 |  1.0
Air Magic      | 1 |  1.0
Earth Magic    | 1 |  1.0
Poison Magic   | 1 |  1.0
Fighting       | |  2.8
Dodging        | |  4.6
Unarmed Combat | |  6.6
Transmutations | |  3.8

Action                   |  1- 3 |  4- 6 || total
-------------------------+-------+-------++-------
Melee: Unarmed           |    72 |    23 ||    95
       Kick              |    12 |     5 ||    17
       Headbutt          |     5 |     1 ||     6
       Bite              |     6 |     1 ||     7
 Cast: Beastly Appendage |    11 |     1 ||    12
       Wereblood         |     2 |     1 ||     3
 Stab: Sleeping          |     1 |       ||     1
Armor: Robe              |     9 |     2 ||    11
Dodge: Dodged            |    51 |    14 ||    65
